[Event "EYCC 2017"]
[Site "Mamaia"]
[Date "2017.09.14"]
[Round "9"]
[White "Salemgareev, Tagir"]
[Black "Pultinevicius, Paulius"]
[Result "1-0"]
[ECO "E90"]
[WhiteElo "2354"]
[BlackElo "2381"]
[Annotator "NA RC"]
[PlyCount "65"]
[EventDate "2017.??.??"]
[EventType "swiss"]
[EventCountry "ROU"]
[SourceTitle "playchess.com"]
[Source "ChessBase"]
[SourceQuality "1"]
[TimeControl "40/5400+30:1800+30"]

1. d4 Nf6 2. c4 g6 3. Nc3 Bg7 4. e4 d6 5. Nf3 O-O 6. h3 Na6 7. Be3 e5 8. d5 Nc5 9. Nd2 a5 10. g4 c6 11. Be2 a4 12. g5 Ne8 13. h4 Qa5 14. Rb1 f5 15. f3 fxe4 16. fxe4 Nc7 17. h5 Bd7 18. h6 Bh8 19. Qc2 N7a6 20. a3 Rac8 21. Rf1 Bh3 22. Rxf8+ Rxf8 23. b4 axb3 24. Nxb3 Nxb3 25. Qxb3 Nc5 26. Qb4 Qd8 27. Qb6 Qc8 28. dxc6 bxc6 29. Bxc5 dxc5 30. Qa7 Be6 31. Rb7 Bf7 32. Rd7 Qb8 33. Rxf7 1-0

[Event "EYCC 2017"]
[Site "Mamaia"]
[Date "2017.09.14"]
[Round "9"]
[White "Morgunov, Marc"]
[Black "Popov, Konstantin"]
[Result "1-0"]
[ECO "B50"]
[WhiteElo "2199"]
[BlackElo "2141"]
[Annotator "RC"]
[PlyCount "119"]
[EventDate "2017.??.??"]
[EventType "swiss"]
[EventCountry "ROU"]
[SourceTitle "playchess.com"]
[Source "ChessBase"]
[SourceQuality "1"]
[TimeControl "40/5400+30:1800+30"]

1. e4 c5 2. Nf3 d6 3. d3 Nc6 4. g3 g6 5. Bg2 Bg7 6. O-O e6 7. Re1 Nge7 8. c3 O-O 9. d4 cxd4 10. cxd4 d5 11. e5 b6 12. Nc3 Bd7 13. Bf4 Rc8 14. Qd2 Na5 15. b3 b5 16. Nd1 Nac6 17. Ne3 Nf5 18. Nxf5 exf5 19. Bh6 Be6 20. Bxg7 Kxg7 21. Rec1 Qb6 22. b4 a5 23. a3 axb4 24. axb4 Ra8 25. Bf1 f4 26. Qxf4 Nxb4 27. Rab1 Ra4 28. Qf6+ Kg8 29. Rc5 Na2 30. Bxb5 Ra3 31. Bd3 Qd8 32. Qxd8 Rxd8 33. Ne1 Rda8 34. f4 R8a4 35. Bb5 Ra5 36. Be2 Rxc5 37. dxc5 Nc3 38. Rb8+ Kg7 39. Bd3 Ra7 40. Rb3 d4 41. Rb4 Rc7 42. Nf3 Rxc5 43. Nxd4 Bg4 44. Bc4 Nd1 45. Bb3 Rc1 46. Rb7 Nc3+ 47. Kg2 Rb1 48. Rxf7+ Kh6 49. h3 Rb2+ 50. Bc2 Bd1 51. g4 Ne4 52. g5+ Nxg5 53. fxg5+ Kxg5 54. Rf2 Bxc2 55. Nxc2 Rb5 56. Re2 Rb7 57. Nd4 Re7 58. e6 Kf6 59. Rf2+ Kg7 60. Kf3 1-0

[Event "EYCC 2017"]
[Site "Mamaia"]
[Date "2017.09.14"]
[Round "9"]
[White "Musyuk, Lior"]
[Black "Luczak, Filip"]
[Result "1/2-1/2"]
[ECO "B51"]
[WhiteElo "2087"]
[BlackElo "1866"]
[Annotator "NA RC"]
[PlyCount "32"]
[EventDate "2017.??.??"]
[EventType "swiss"]
[EventCountry "ROU"]
[SourceTitle "playchess.com"]
[Source "ChessBase"]
[SourceQuality "1"]
[TimeControl "40/5400+30:1800+30"]

1. e4 c5 2. Nf3 d6 3. Bb5+ Nd7 4. d4 cxd4 5. Qxd4 e5 6. Qd3 a6 7. Bxd7+ Bxd7 8. c4 h6 9. Nc3 Nf6 10. Nd2 Be7 11. a4 O-O 12. Nf1 b5 13. Ne3 bxc4 14. Qxc4 Be6 15. Qd3 Nd7 16. b4 a5 1/2-1/2

[Event "EYCC 2017"]
[Site "Mamaia"]
[Date "2017.09.14"]
[Round "9"]
[White "Redondo Benavente, Ana"]
[Black "Nastase, Andreea-Cristina"]
[Result "1-0"]
[ECO "B22"]
[WhiteElo "2087"]
[BlackElo "1986"]
[Annotator "NA RC"]
[PlyCount "45"]
[EventDate "2017.??.??"]
[EventType "swiss"]
[EventCountry "ROU"]
[SourceTitle "playchess.com"]
[Source "ChessBase"]
[SourceQuality "1"]
[TimeControl "40/5400+30:1800+30"]

1. e4 c5 2. c3 Nf6 3. e5 Nd5 4. d4 e6 5. Nf3 cxd4 6. cxd4 b6 7. Nc3 Nxc3 8. bxc3 Bb7 9. Bd3 Be7 10. O-O O-O 11. Nd2 d6 12. f4 dxe5 13. fxe5 Bg5 14. Ne4 Bxc1 15. Rxc1 Ba6 16. Bxa6 Nxa6 17. Qh5 Qd5 18. Ng5 h6 19. Nxf7 Qe4 20. Rce1 Qc2 21. Re3 Nc7 22. Nxh6+ gxh6 23. Rg3+ 1-0

[Event "EYCC 2017"]
[Site "Mamaia"]
[Date "2017.09.14"]
[Round "9"]
[White "Krasteva, Beloslava"]
[Black "Khamenya, Vitalia"]
[Result "1-0"]
[ECO "E92"]
[WhiteElo "2048"]
[BlackElo "1853"]
[Annotator "NA RC"]
[PlyCount "113"]
[EventDate "2017.??.??"]
[EventType "swiss"]
[EventCountry "ROU"]
[SourceTitle "playchess.com"]
[Source "ChessBase"]
[SourceQuality "1"]
[TimeControl "40/5400+30:1800+30"]

1. d4 Nf6 2. c4 g6 3. Nc3 Bg7 4. e4 d6 5. Nf3 O-O 6. Be2 e5 7. d5 a5 8. Be3 Na6 9. a3 Bd7 10. Nd2 Ne8 11. O-O f5 12. f3 f4 13. Bf2 g5 14. b4 axb4 15. axb4 Nxb4 16. Rb1 Na2 17. Nxa2 Rxa2 18. Rxb7 Qa8 19. Rb1 Ba4 20. Qe1 Qa5 21. Nb3 Qxe1 22. Rfxe1 Nf6 23. Nc1 Ra3 24. c5 Nd7 25. c6 Nc5 26. Bxc5 dxc5 27. Rb7 Rc8 28. Nd3 Rc3 29. Nb2 Bb3 30. d6 cxd6 31. Rxb3 Rxb3 32. Bc4+ Kf8 33. Bxb3 Rxc6 34. Bd5 Ra6 35. Nc4 Ke7 36. Rb1 Bf8 37. Rb7+ Kd8 38. Rxh7 Ra1+ 39. Kf2 Ra2+ 40. Kf1 Ra1+ 41. Ke2 Ra2+ 42. Nd2 Ra3 43. Rh8 Ke7 44. Rg8 Re3+ 45. Kd1 Ra3 46. Rxg5 Kf6 47. Rf5+ Ke7 48. h4 Ra1+ 49. Ke2 Rg1 50. Rg5 Bh6 51. Rg6 Bf8 52. Nc4 Rh1 53. Nxd6 Kd7 54. Nc4 Rxh4 55. Nxe5+ Kc7 56. Rc6+ Kd8 57. Ng6 1-0

[Event "EYCC 2017"]
[Site "Mamaia"]
[Date "2017.09.14"]
[Round "9"]
[White "Allahverdiyeva, Ayan"]
[Black "Stepanyan, Eva"]
[Result "0-1"]
[ECO "C91"]
[WhiteElo "2042"]
[BlackElo "1927"]
[Annotator "NA RC"]
[PlyCount "80"]
[EventDate "2017.??.??"]
[EventType "swiss"]
[EventCountry "ROU"]
[SourceTitle "playchess.com"]
[Source "ChessBase"]
[SourceQuality "1"]
[TimeControl "40/5400+30:1800+30"]

1. e4 e5 2. Nf3 Nc6 3. Bb5 a6 4. Ba4 Nf6 5. O-O Be7 6. Re1 b5 7. Bb3 d6 8. c3 O-O 9. d4 Bg4 10. Be3 h6 {[%emt 0:09:36] C91: Closed Ruy Lopez: 7...d6 8 c3 0-0 9 d4} (10... Bh5 11. Nbd2 Na5 12. Bc2 Ng4 13. Qe2 Nxe3 14. Qxe3 Bxf3 15. Nxf3 Nc4 16. Qc1 Bf6 17. a4 b4 18. cxb4 exd4 19. Bd3 {½-½ (48) Nepomniachtchi,I (2742)-Svidler,P (2749) Saint Louis 2017}) 11. Nbd2 Re8 12. Bc2 Bf8 13. d5 Na5 14. Nf1 Qc8 $146 ({Predecessor:} 14... c5 15. h3 Bd7 16. g4 g6 17. Ng3 Bg7 18. Kh2 Kh7 19. g5 {1-0 (39) Premanath,D (1819)-Dragieva,D (1727) Kemer 2009}) 15. h3 Bd7 16. Ng3 c6 (16... Nc4 $5 ) 17. dxc6 Qxc6 18. Nh4 Nc4 19. Bc1 Be6 20. Qf3 Nd7 21. Nhf5 Kh7 (21... a5 $11) 22. Ne3 $11 (22. Nd4 $16 Qc7 23. Nxe6 fxe6 24. Nh5) 22... g6 23. Ng4 Bg7 24. Nf5 Bxf5 25. exf5 d5 26. Qg3 e4 27. Qh4 gxf5 28. Ne3 Qe6 29. Qh5 Nxe3 30. Bxe3 Be5 31. f4 Bc7 32. g4 Rg8 33. Kh1 fxg4 34. f5 Qd6 35. hxg4 Rxg4 36. Bxe4 dxe4 37. Rad1 Qg3 38. Qxf7+ Rg7 39. Qg6+ Rxg6 40. fxg6+ Kg8 0-1

[Event "EYCC 2017"]
[Site "Mamaia"]
[Date "2017.09.14"]
[Round "9"]
[White "Mironenko, Galina"]
[Black "Zhurova, Anna"]
[Result "1-0"]
[ECO "A00"]
[WhiteElo "2035"]
[BlackElo "1864"]
[Annotator "NA RC"]
[PlyCount "83"]
[EventDate "2017.??.??"]
[EventType "swiss"]
[EventCountry "ROU"]
[SourceTitle "playchess.com"]
[Source "ChessBase"]
[SourceQuality "1"]
[TimeControl "40/5400+30:1800+30"]

1. g3 d5 2. Bg2 Nf6 3. Nf3 e6 4. c4 Be7 5. cxd5 exd5 6. O-O O-O 7. Qc2 c5 8. d4 c4 9. Nc3 Nc6 10. Bg5 h6 11. Bxf6 Bxf6 12. Rad1 Re8 13. b3 Bg4 14. e3 Rc8 15. bxc4 dxc4 16. Rb1 Qd7 17. Qb2 Bf5 18. Rbc1 a6 19. a4 Rb8 20. Nd2 Bd3 21. Rfd1 b5 22. axb5 axb5 23. Nd5 Be7 24. Nxe7+ Rxe7 25. Nb3 Qd6 26. Bxc6 Qxc6 27. Rxd3 Qg6 28. Rdc3 cxb3 29. Qxb3 Qa6 30. Qb4 Ra7 31. Rc5 Kh8 32. Rb1 Rab7 33. d5 Rb6 34. Rbc1 Rf6 35. e4 Qa2 36. R5c2 Qa6 37. e5 Rf5 38. Qe4 g6 39. g4 Rg5 40. h4 f5 41. exf6 Qxf6 42. hxg5 1-0

[Event "EYCC 2017"]
[Site "Mamaia"]
[Date "2017.09.14"]
[Round "9"]
[White "Rogozenco, Teodora"]
[Black "Karykowska, Anna"]
[Result "1-0"]
[ECO "D70"]
[WhiteElo "2024"]
[BlackElo "1884"]
[Annotator "NA RC"]
[PlyCount "53"]
[EventDate "2017.??.??"]
[EventType "swiss"]
[EventCountry "ROU"]
[SourceTitle "playchess.com"]
[Source "ChessBase"]
[SourceQuality "1"]
[TimeControl "40/5400+30:1800+30"]

1. d4 d5 2. c4 c6 3. Nf3 Nf6 4. Nbd2 Bf5 5. Nh4 Bg6 6. Qb3 Qb6 7. Qh3 Nbd7 8. Nxg6 fxg6 9. e3 O-O-O 10. Be2 Kb8 11. c5 Qc7 12. Qe6 g5 13. b4 g6 14. b5 Bh6 15. Rb1 Ka8 16. O-O Nf8 17. Qh3 Bg7 18. b6 axb6 19. cxb6 Qd6 20. e4 Nxe4 21. Ba3 Qf6 22. Nxe4 dxe4 23. Bc5 Kb8 24. Qa3 Nd7 25. Bxe7 Qf7 26. Bd6+ Kc8 27. Bg4 1-0

[Event "EYCC 2017"]
[Site "Mamaia"]
[Date "2017.09.14"]
[Round "9"]
[White "Bulatova, Kamaliya"]
[Black "Raccanello, Marianna"]
[Result "1-0"]
[ECO "D00"]
[WhiteElo "2014"]
[BlackElo "1906"]
[Annotator "NA RC"]
[PlyCount "95"]
[EventDate "2017.??.??"]
[EventType "swiss"]
[EventCountry "ROU"]
[SourceTitle "playchess.com"]
[Source "ChessBase"]
[SourceQuality "1"]
[TimeControl "40/5400+30:1800+30"]

1. d4 d5 2. Bf4 Nf6 3. e3 c5 4. c3 Nc6 5. Nf3 Qb6 6. b3 Bf5 7. Bd3 Bg6 8. O-O e6 9. Qe2 Be7 10. Nbd2 O-O 11. Ne5 Rac8 12. Bg5 Rfd8 13. f4 Qa5 14. Bxg6 hxg6 15. Qd3 Re8 16. Rac1 $11 b5 17. dxc5 Nxe5 18. fxe5 Nd7 19. Bxe7 Rxe7 20. b4 Nxe5 21. Qd4 Qc7 22. Nf3 Nc4 23. e4 e5 24. Qd3 Rd8 25. Qe2 Red7 26. Ng5 Qc6 27. Qg4 f6 28. Qe6+ Qxe6 29. Nxe6 Re8 30. c6 Rd6 31. Nc7 Rb8 32. exd5 Kf8 33. Rfd1 Ke7 34. Kf2 f5 35. Ra1 Nb2 36. Rdb1 Na4 37. Rb3 Kd8 38. Ne6+ Ke7 39. Rd1 Nb6 40. Nc7 Na4 41. Ra3 a6 42. Nxa6 Rc8 43. Rxa4 bxa4 44. b5 Ra8 45. c4 Kd8 46. c5 Rf6 47. d6 Rf8 48. Nc7 1-0

[Event "EYCC 2017"]
[Site "Mamaia"]
[Date "2017.09.14"]
[Round "9"]
[White "Zotova, Anastasia"]
[Black "Represa Perez, Mireya"]
[Result "0-1"]
[ECO "B90"]
[WhiteElo "2009"]
[BlackElo "2082"]
[Annotator "NA RC"]
[PlyCount "87"]
[EventDate "2017.??.??"]
[EventType "swiss"]
[EventCountry "ROU"]
[SourceTitle "playchess.com"]
[Source "ChessBase"]
[SourceQuality "1"]
[TimeControl "40/5400+30:1800+30"]

1. e4 c5 2. Nf3 d6 3. d4 cxd4 4. Nxd4 Nf6 5. Nc3 a6 6. Be3 e5 7. Nb3 Be7 8. f3 O-O 9. Qd2 Be6 10. O-O-O Qc7 11. g4 Rc8 12. g5 Nh5 13. Kb1 Nd7 14. f4 Nxf4 15. Bxf4 exf4 16. Qxf4 Qd8 17. h4 Rxc3 18. bxc3 Rc8 19. Bh3 Bxh3 20. Rxh3 Ne5 21. Rd5 Qb6 22. Rxe5 dxe5 23. Qxe5 Ba3 24. Rh1 Qe3 25. Rd1 g6 26. Qf6 Qxc3 27. Qxc3 Rxc3 28. Rd3 Rc4 29. Na5 Rb4+ 30. Rb3 Rxb3+ 31. cxb3 b6 32. Nc4 Bc5 33. Ne5 Kg7 34. Kc2 f6 35. gxf6+ Kxf6 36. Nf3 h6 37. Kd3 g5 38. hxg5+ hxg5 39. Nxg5 Kxg5 40. Kc4 a5 41. Kd5 Kf6 42. e5+ Kf5 43. a4 Kf4 44. Ke6 {[%emt 0:01:10] Kxe5+} 0-1

[Event "EYCC 2017"]
[Site "Mamaia"]
[Date "2017.09.14"]
[Round "9"]
[White "Srdanovic, Jovana"]
[Black "Aubert, Estee"]
[Result "1-0"]
[ECO "D00"]
[WhiteElo "1994"]
[BlackElo "1800"]
[Annotator "NA RC"]
[PlyCount "84"]
[EventDate "2017.??.??"]
[EventType "swiss"]
[EventCountry "ROU"]
[SourceTitle "playchess.com"]
[Source "ChessBase"]
[SourceQuality "1"]
[TimeControl "40/5400+30:1800+30"]

1. d4 d5 2. Bf4 c5 3. e3 Nc6 4. c3 Qb6 5. Qb3 c4 6. Qc2 Nf6 7. Nd2 Nh5 8. Ne2 e6 9. e4 Nxf4 10. Nxf4 Bd6 11. e5 Be7 12. Nh5 O-O 13. f4 Qc7 14. Be2 b5 15. Bf3 Qd7 16. O-O Bd8 17. g4 Kh8 18. Bg2 Be7 19. Rae1 Qd8 20. f5 Bh4 21. f6 g6 22. Ng3 Bxg3 23. hxg3 Ne7 24. fxe7 Qxe7 25. Rf6 Rg8 26. Nf3 Bd7 27. Qd2 Be8 28. Qh6 Qf8 29. Qxf8 Rxf8 30. Ng5 Kg7 31. Ref1 Rg8 32. Nxf7 Bd7 33. Ng5 Rgf8 34. Nxe6+ Bxe6 35. Rxe6 Rxf1+ 36. Kxf1 Rd8 37. Re7+ Kg8 38. Rxa7 Rf8+ 39. Ke2 b4 40. Bxd5+ Kh8 41. e6 h5 42. e7 Ra8 1-0

[Event "EYCC 2017"]
[Site "Mamaia"]
[Date "2017.09.14"]
[Round "9"]
[White "Spizharny, Mikhail"]
[Black "Revaliente Montoya, Ciro"]
[Result "1-0"]
[ECO "B50"]
[WhiteElo "1972"]
[BlackElo "2073"]
[Annotator "NA RC"]
[PlyCount "45"]
[EventDate "2017.??.??"]
[EventType "swiss"]
[EventCountry "ROU"]
[SourceTitle "playchess.com"]
[Source "ChessBase"]
[SourceQuality "1"]
[TimeControl "40/5400+30:1800+30"]

1. e4 c5 2. Nf3 d6 3. c3 Nf6 4. Be2 Nc6 5. d4 cxd4 6. cxd4 Nxe4 7. d5 Qa5+ 8. Nc3 Nxc3 9. bxc3 Ne5 10. Nxe5 Qxc3+ 11. Bd2 Qxe5 12. O-O Bd7 13. Rb1 Rb8 14. Re1 g6 15. Be3 Bg7 16. Bxa7 Ra8 17. Rxb7 Qf5 18. Bd3 Qxd5 19. Rxd7 Be5 20. Qa4 O-O 21. Be4 Qd2 22. Rd1 Rxa7 23. Rxa7 1-0

[Event "EYCC 2017"]
[Site "Mamaia"]
[Date "2017.09.14"]
[Round "9"]
[White "Jarocka, Liwia"]
[Black "Kuzich, Aryna"]
[Result "1-0"]
[ECO "C24"]
[WhiteElo "1970"]
[BlackElo "1828"]
[Annotator "NA RC"]
[PlyCount "117"]
[EventDate "2017.??.??"]
[EventType "swiss"]
[EventCountry "ROU"]
[SourceTitle "playchess.com"]
[Source "ChessBase"]
[SourceQuality "1"]
[TimeControl "40/5400+30:1800+30"]

1. e4 e5 2. Bc4 Nf6 3. d3 d5 4. exd5 Nxd5 5. Nf3 Nc6 {[%emt 0:07:31] LiveBook: 85 Games} 6. c3 Be6 7. Qe2 Qd6 8. b4 a6 9. O-O Be7 10. Re1 Bf6 11. a4 O-O 12. Nfd2 $15 (12. Ba3 $5 b5 13. axb5 $15) 12... Nf4 13. Qf1 Bxc4 14. dxc4 Qd3 15. Ne4 Qxf1+ 16. Kxf1 Nd3 17. Rd1 Nxc1 18. Nxf6+ gxf6 19. Rxc1 Rfd8 20. Ke2 e4 21. Nd2 f5 22. f4 Rd3 23. Nb3 Rad8 24. b5 Ne7 25. Rc2 b6 26. Nd4 a5 27. Rac1 Rd6 28. g3 Rh6 29. Ke1 Kf8 30. Rd1 Rxd1+ 31. Kxd1 Rd6 32. Ke2 h5 33. Rd2 Kg7 34. Nb3 Rxd2+ 35. Kxd2 h4 36. c5 hxg3 37. hxg3 Kf6 38. cxb6 cxb6 39. Ke3 Nd5+ 40. Kd4 Ke6 41. c4 Nb4 42. c5 Nd5 43. cxb6 Nxb6 44. Nxa5 Nxa4 45. Nc4 f6 46. Ne3 Nb6 47. Kc5 Nd7+ 48. Kc6 Nb8+ 49. Kc7 Nd7 50. b6 Nc5 51. b7 Na6+ 52. Kc8 Kd6 53. b8=Q+ Nxb8 54. Kxb8 Kc5 55. Nxf5 e3 56. Nxe3 Kd4 57. Ng4 f5 58. Nh6 Ke4 59. Nxf5 1-0

[Event "EYCC 2017"]
[Site "Mamaia"]
[Date "2017.09.14"]
[Round "9"]
[White "Maurizzi, Marc Andria"]
[Black "Strybuk, Artsiom I"]
[Result "1/2-1/2"]
[ECO "B23"]
[WhiteElo "1947"]
[BlackElo "1790"]
[Annotator "NA RC"]
[PlyCount "82"]
[EventDate "2017.??.??"]
[EventType "swiss"]
[EventCountry "ROU"]
[SourceTitle "playchess.com"]
[Source "ChessBase"]
[SourceQuality "1"]
[TimeControl "40/5400+30:1800+30"]

1. e4 c5 2. Nc3 d6 3. f4 Nc6 4. Nf3 g6 5. Bb5 Bg7 6. Bxc6+ bxc6 7. O-O Nh6 8. d3 O-O 9. Qe1 Qb6 10. Kh1 f5 11. e5 Nf7 12. Qe2 Ba6 13. b3 Qc7 14. Re1 g5 15. Bd2 Rae8 16. exd6 exd6 17. Qxe8 Rxe8 18. Rxe8+ Bf8 19. fxg5 Bc8 20. Rf1 Bd7 21. Re2 d5 22. Nh4 Nd6 23. Na4 c4 24. Nc5 cxd3 25. cxd3 Bc8 26. Ne6 Bxe6 27. Rxe6 Qc8 28. Rfe1 Ne4 29. dxe4 Qxe6 30. exf5 Qd7 31. f6 d4 32. Nf3 c5 33. g6 hxg6 34. Ng5 Qf5 35. f7+ Kg7 36. Kg1 c4 37. bxc4 Bc5 38. Ne6+ Kxf7 39. Rf1 Kxe6 40. Rxf5 Kxf5 41. Kf2 Ke5 1/2-1/2

[Event "EYCC 2017"]
[Site "Mamaia"]
[Date "2017.09.14"]
[Round "9"]
[White "Can, Isil"]
[Black "Yakimova, Mariya"]
[Result "1/2-1/2"]
[ECO "B90"]
[WhiteElo "1945"]
[BlackElo "1736"]
[Annotator "NA RC"]
[PlyCount "147"]
[EventDate "2017.??.??"]
[EventType "swiss"]
[EventCountry "ROU"]
[SourceTitle "playchess.com"]
[Source "ChessBase"]
[SourceQuality "1"]
[TimeControl "40/5400+30:1800+30"]

1. e4 c5 2. Nf3 d6 3. d4 cxd4 4. Nxd4 Nf6 5. Nc3 a6 6. Be3 e5 7. Nb3 Be6 8. Be2 Be7 9. O-O O-O 10. f4 b5 {B92: Sicilian Najdorf: 6 Be2} 11. f5 Bc8 (11... Bd7 12. Kh1 Bc6 13. Bf3 Nbd7 14. a3 Rc8 15. Qe2 Ba8 16. Bg5 h6 17. Bh4 Nb6 18. Nd2 {0-1 (48) Smirin,I (2659)-Anand,V (2779) Rishon Le Ziyyon 2006}) 12. Nd5 $146 ({Predecessor:} 12. a4 Bb7 13. axb5 axb5 14. Qd3 b4 15. Nd5 Bxd5 16. exd5 Nbd7 17. Bf3 Qc7 18. h3 Rxa1 19. Rxa1 {½-½ (71) Piazza,L (2358)-Gil,M (1988) ICCF email 2008}) 12... Nbd7 13. Nxe7+ Qxe7 14. Bf3 Bb7 15. Qd3 d5 16. Bg5 dxe4 17. Bxe4 Nc5 18. Bxf6 gxf6 19. Nxc5 Qxc5+ 20. Kh1 Bxe4 21. Qxe4 Qc4 22. Qe3 Qc6 23. Qh6 Kh8 24. Rae1 Rg8 25. Rf3 Rg7 26. Re2 Rag8 27. Rd2 Qxf3 28. Qxg7+ Kxg7 29. gxf3 Rc8 30. c3 Rc6 31. Kg2 Kh6 32. h4 Kg7 33. Kg3 Rc4 34. Rd6 Ra4 35. a3 h6 36. Rc6 Ra5 37. Rd6 Ra4 38. Rc6 e4 39. fxe4 Rxe4 40. Rxa6 Re2 41. b4 Re3+ 42. Kg4 Rxc3 43. Ra5 Rc4+ 44. Kh5 Rc3 45. Rxb5 Rxa3 46. Rb8 Rc3 47. b5 Rc4 48. b6 $11 Rf4 49. Rc8 Rxf5+ 50. Kg4 Rb5 51. Rc6 h5+ 52. Kf4 Rb4+ 53. Kf5 Rxh4 54. Rxf6 Rb4 55. Rc6 h4 56. Kg5 h3 57. Rc3 Rxb6 58. Rxh3 Rb5+ 59. Kf4 Kg6 60. Rg3+ Kf6 61. Ra3 Rb4+ 62. Kf3 Kg5 63. Ra7 Rb3+ 64. Kf2 f5 65. Ra5 Kg4 66. Ra8 Rb2+ 67. Kf1 f4 68. Ra3 Rc2 69. Rb3 Ra2 70. Rc3 Rh2 71. Kg1 Ra2 72. Kf1 Ra4 73. Kg2 Ra8 74. Kf2 1/2-1/2

[Event "EYCC 2017"]
[Site "Mamaia"]
[Date "2017.09.14"]
[Round "9"]
[White "Lehaci, Miruna-Daria"]
[Black "Guillo Longares, Cecilia"]
[Result "1/2-1/2"]
[ECO "B23"]
[WhiteElo "1914"]
[BlackElo "1810"]
[Annotator "NA RC"]
[PlyCount "114"]
[EventDate "2017.??.??"]
[EventType "swiss"]
[EventCountry "ROU"]
[SourceTitle "playchess.com"]
[Source "ChessBase"]
[SourceQuality "1"]
[TimeControl "40/5400+30:1800+30"]

1. e4 c5 2. Nc3 g6 3. d4 cxd4 4. Qxd4 Nf6 5. Nf3 Nc6 6. Qa4 d6 7. e5 dxe5 8. Nxe5 Bg7 9. Bb5 O-O 10. Nxc6 bxc6 11. Bxc6 Bd7 12. O-O Bxc6 13. Qxc6 Rc8 14. Qf3 Qb6 15. a4 Nd7 16. a5 Qd6 17. Bf4 e5 18. Rfd1 Qb8 19. Rxd7 Qxb2 20. Rb1 Qxc2 21. Rc1 Qf5 22. Rcd1 Qxf4 23. Qxf4 exf4 24. Nd5 Rc2 25. Ne7+ Kh8 26. h3 a6 27. Ra7 Re2 28. Nc6 Bc3 29. Rxa6 Be1 30. Rd8 Rxd8 31. Nxd8 Bxf2+ 32. Kf1 Ra2 33. Nxf7+ Kg7 34. Ng5 Be3 35. Ne4 Ra4 36. Nc3 Ra1+ 37. Ke2 Rg1 38. Kf3 Rf1+ 39. Ke4 Bd2 40. Ra7+ Kh6 41. Nd5 Kg5 42. a6 Ra1 43. Kd3 Be3 44. Nxe3 Ra3+ 45. Ke2 fxe3 46. g3 Kh6 47. h4 g5 48. hxg5+ Kxg5 49. Ra8 Kg6 50. g4 h6 51. Kf3 Kg7 52. a7 Kh7 53. Re8 Rxa7 54. Rxe3 Rf7+ 55. Kg3 Kg6 56. Ra3 Rf6 57. Ra5 Rb6 1/2-1/2

[Event "EYCC 2017"]
[Site "Mamaia"]
[Date "2017.09.14"]
[Round "9"]
[White "Georgiev, Konstantin"]
[Black "Saridag, Omer Melih"]
[Result "0-1"]
[ECO "B27"]
[WhiteElo "1911"]
[BlackElo "1803"]
[Annotator "NA RC"]
[PlyCount "100"]
[EventDate "2017.??.??"]
[EventType "swiss"]
[EventCountry "ROU"]
[SourceTitle "playchess.com"]
[Source "ChessBase"]
[SourceQuality "1"]
[TimeControl "40/5400+30:1800+30"]

1. e4 c5 2. Nf3 g6 3. d4 cxd4 4. Nxd4 Bg7 5. Be3 Nc6 6. Nc3 Nf6 7. Be2 O-O 8. O-O d6 $11 9. h3 Bd7 10. Qd2 Nxd4 11. Bxd4 Bc6 12. Bf3 Nd7 13. Rad1 a5 14. Be2 Rb8 15. f4 b5 16. Bf3 Bxd4+ 17. Qxd4 Qb6 18. Qxb6 Nxb6 19. b3 b4 20. Ne2 Bb5 21. Rfe1 Bxe2 22. Rxe2 Rbd8 23. c4 bxc3 24. Rc2 Rc8 25. Rdc1 a4 26. Rxc3 axb3 27. axb3 Rxc3 28. Rxc3 Rc8 29. Rxc8+ Nxc8 30. Kf2 Kf8 31. Ke3 Ke8 32. Kd4 Kd8 33. Kc4 Kc7 34. g4 Kb6 35. g5 Na7 36. h4 Nb5 37. f5 Na7 38. Kd5 Kc7 39. b4 Nc6 40. b5 e6+ 41. fxe6 fxe6+ 42. Kxe6 Nd4+ 43. Ke7 Nxf3 44. b6+ Kxb6 45. Kxd6 Nxh4 46. e5 Nf5+ 47. Kd7 Kc5 48. Ke6 Kd4 49. Kf6 Ke4 50. e6 Kf4 0-1

[Event "EYCC 2017"]
[Site "Mamaia"]
[Date "2017.09.14"]
[Round "9"]
[White "Reuter, Elisa"]
[Black "Hakobyan, Astghik"]
[Result "0-1"]
[ECO "C18"]
[WhiteElo "1910"]
[BlackElo "1708"]
[Annotator "NA RC"]
[PlyCount "92"]
[EventDate "2017.??.??"]
[EventType "swiss"]
[EventCountry "ROU"]
[SourceTitle "playchess.com"]
[Source "ChessBase"]
[SourceQuality "1"]
[TimeControl "40/5400+30:1800+30"]

1. e4 e6 2. d4 d5 3. Nc3 Bb4 4. e5 c5 5. a3 Bxc3+ 6. bxc3 Ne7 7. Qg4 Ng6 8. Bd2 Nc6 9. Nf3 Qb6 10. Bd3 c4 11. Be2 Qb2 12. O-O Qxc2 13. Rfb1 h5 14. Qg5 Qf5 15. Qxf5 exf5 16. Bd1 b6 17. Bc2 Be6 18. a4 Kd7 19. Ne1 Rab8 20. Rb2 Rb7 21. Rab1 Rhb8 22. Bd1 h4 23. h3 f4 24. Bc2 Nce7 25. Kf1 Bf5 26. Bxf5+ Nxf5 27. Ke2 Rc8 28. Rb4 Nfe7 29. Nc2 Ke6 30. Kf3 Kf5 31. Rb5 Rd7 32. R5b2 Nc6 33. Na3 Re8 34. Rc2 f6 35. exf6 gxf6 36. Rcc1 Re4 37. g3 fxg3 38. fxg3 hxg3 39. Kxg3 Rg7 40. Kf2 Nf4 41. Bxf4 Rxf4+ 42. Ke2 Rg2+ 43. Ke1 Rf3 44. Nb5 Ke4 45. Na3 Kd3 46. Rd1+ Ke3 0-1

[Event "EYCC 2017"]
[Site "Mamaia"]
[Date "2017.09.14"]
[Round "9"]
[White "Cimpean, Andra"]
[Black "Janiashvili, Mariami"]
[Result "0-1"]
[ECO "C03"]
[WhiteElo "1901"]
[BlackElo "1875"]
[Annotator "NA RC"]
[PlyCount "70"]
[EventDate "2017.??.??"]
[EventType "swiss"]
[EventCountry "ROU"]
[SourceTitle "playchess.com"]
[Source "ChessBase"]
[SourceQuality "1"]
[TimeControl "40/5400+30:1800+30"]

1. e4 e6 2. d4 d5 3. Nd2 dxe4 4. Nxe4 Bd7 5. c4 Bc6 6. Nc3 Nf6 7. Nf3 Bb4 8. Bd2 (8. Be2 $14) 8... O-O 9. Be2 Nbd7 10. O-O Nb6 11. a3 $11 Be7 12. Be3 Bxf3 13. gxf3 Nbd7 14. f4 c5 15. dxc5 Bxc5 16. Bxc5 Nxc5 17. b4 Nce4 18. Nxe4 Nxe4 19. Bd3 Qd4 20. Qe2 Nxf2 21. Qxf2 Qxd3 22. c5 Rad8 23. Rfc1 Rd4 24. Rd1 Qxd1+ 25. Rxd1 Rxd1+ 26. Kg2 Rfd8 27. Qh4 R8d3 28. Qe7 h6 29. Qxb7 R1d2+ 30. Kf1 Rxa3 31. Qb8+ Kh7 32. Qe5 Raa2 33. Qe1 Rxh2 34. Qb1+ g6 35. Kg1 Rag2+ 0-1

[Event "EYCC 2017"]
[Site "Mamaia"]
[Date "2017.09.14"]
[Round "9"]
[White "Esadze, Tamari"]
[Black "Miroshnik, Ekaterina"]
[Result "0-1"]
[ECO "C72"]
[WhiteElo "1863"]
[BlackElo "2006"]
[Annotator "NA RC"]
[PlyCount "81"]
[EventDate "2017.??.??"]
[EventType "swiss"]
[EventCountry "ROU"]
[SourceTitle "playchess.com"]
[Source "ChessBase"]
[SourceQuality "1"]
[TimeControl "40/5400+30:1800+30"]

1. e4 e5 2. Nf3 Nc6 3. Bb5 a6 4. Ba4 d6 5. O-O Bd7 6. c3 g6 7. d4 Bg7 8. Bb3 Nf6 9. Ng5 (9. Re1 $14) 9... O-O 10. f4 Bg4 11. Qd3 exd4 12. h3 Bc8 13. cxd4 $11 d5 14. e5 Ne4 15. Nc3 Nxg5 16. fxg5 Ne7 17. Qf3 Be6 18. Ne2 c5 19. Bf4 cxd4 20. Nxd4 Qb6 21. Qe3 Rac8 22. Rac1 Nc6 23. Nxc6 Qxe3+ 24. Bxe3 Rxc6 25. Rxc6 bxc6 26. Bd4 Rc8 27. Rc1 c5 28. Bc3 Rb8 29. Rc2 d4 30. Bxe6 dxc3 31. Rxc3 Bxe5 32. Ra3 fxe6 33. Rxa6 Bd4+ 34. Kf1 Rxb2 35. a4 c4 36. Rc6 c3 37. Ke1 Be3 38. Kd1 Rd2+ 39. Ke1 c2 40. Rc8+ Kf7 41. Rc6 0-1